 Dungeon Crawl Stone Soup version 0.29-a0-1014-ga8c0faee3b (webtiles) character file.

Game seed: 1761441193932590747

2104 BritishOli the Slasher (level 9, -9/68 HPs)
             Began as a Demonspawn Gladiator on Aug 9, 2022.
             Mangled by a wyvern (12 damage)
             ... on level 7 of the Dungeon.
             The game lasted 00:11:26 (9151 turns).

BritishOli the Slasher (Demonspawn Gladiator)       Turns: 9151, Time: 00:11:27

Health: -9/68      AC:  8    Str: 18    XL:     9   Next: 7%
Magic:  9/9        EV: 14    Int: 10    God:
Gold:   120        SH:  0    Dex: 15    Spells: 8/8 levels left

rFire   + + .      SeeInvis .   a - +0 long sword
rCold   . . .      Faith    .   (no shield)
rNeg    + . .      Spirit   .   b - +0 leather armour
rPois   .          Reflect  .   c - +0 helmet
rElec   .          Harm     .   (cloak unavailable)
rCorr   .          Rampage  .   (no gloves)
Will    .....                   G - +0 pair of boots of Uffemm {rN+ Stlth+}
Stlth   ++........              (no amulet)
HPRegen 0.21/turn               t - ring of protection from fire
MPRegen 0.11/turn               x - ring of protection from fire

@: no status effects
A: foul stench 1, sharp scales 2, weakness stinger 3
a: no special abilities


You were on level 7 of the Dungeon.
You visited 2 branches of the dungeon, and saw 8 of its levels.
You also visited: Sewer.

You collected 168 gold pieces.
You spent 48 gold pieces at shops.

Inventory:

Hand Weapons
 a - a +0 long sword (weapon)
Missiles
 d - 3 throwing nets (quivered)
 e - 3 javelins
Armour
 b - a +0 leather armour (worn)
 c - a +0 helmet (worn)
 G - the +0 pair of boots of Uffemm (worn) {rN+ Stlth+}
   (You found it on level 6 of the Dungeon)

   rN:        It protects you from negative energy.
   Stlth:     It makes you more stealthy.
Jewellery
 h - a ring of magical power
 t - a ring of protection from fire (left hand)
 x - a ring of protection from fire (right hand)
 A - a ring of magical power
 D - a ring of protection from fire
 F - a +4 ring of protection
Scrolls
 f - a scroll of enchant armour {unknown}
 g - 9 scrolls of identify {unknown}
 i - 3 scrolls of poison {unknown}
 j - a scroll of brand weapon {unknown}
 k - a scroll of vulnerability {unknown}
 l - 2 scrolls of butterflies {unknown}
 u - 2 scrolls of amnesia {unknown}
 v - a scroll of silence {unknown}
 y - 2 scrolls of enchant weapon {unknown}
 z - a scroll of teleportation {unknown}
 E - 2 scrolls of noise {unknown}
Potions
 m - a potion of ambrosia {unknown}
 n - 2 potions of attraction {unknown}
 o - 3 potions of might
 p - 2 potions of heal wounds
 q - a potion of magic {unknown}
 r - a potion of invisibility {unknown}
 s - 2 potions of curing
 w - 2 potions of lignification {unknown}
 B - a potion of haste {unknown}
 C - 2 potions of degeneration {unknown}


   Skills:
 + Level 5.6 Fighting
 * Level 7.4 Long Blades
 - Level 2.0 Throwing
 + Level 4.5 Armour
 + Level 5.6 Dodging


You had 8 spell levels left.
You didn't know any spells.
Your spell library contained the following spells:

 Spells                   Type           Power      Damage    Failure   Level
 Magic Dart               Conj           0%         1d3       41%         1
 Slow                     Hex            0%         N/A       41%         1
 Call Imp                 Summ           0%         N/A       56%         2
 Sublimation of Blood     Necr           0%         N/A       56%         2
 Wereblood                Tmut           0%         N/A       56%         2
 Confusing Touch          Hex            0%         N/A       80%         3
 Mephitic Cloud           Conj/Pois/Air  0%         N/A       80%         3
 Summon Guardian Golem    Hex/Summ       0%         N/A       80%         3
 Vampiric Draining        Necr           0%         2d6       80%         3
 Orb of Destruction       Conj           0%         9d5       100%        7
 Spellforged Servitor     Conj/Summ      0%         N/A       100%        7
 Summon Hydra             Summ           0%         N/A       100%        7


Dungeon Overview and Level Annotations

Branches:
Dungeon (7/15)             Temple (1/1) D:4           Sewer (visited)

Altars:
Ashenzari
Cheibriados
Dithmenos
Fedhas
Gozag
Hepliaklqana
Kikubaaqudgha
Makhleb
Qazlal
Ru
Sif Muna
Uskayaw
Vehumet
Xom
Yredelemnul

Shops:
D:3 =   D:7 !

Annotations:
D:7 2 transporters, MirrMurr's ghost, novice DsGl


Innate Abilities, Weirdness & Mutations

You may rarely emit foul miasma when damaged in melee.
You are mostly covered in razor-sharp scales. (AC +2, Slay +2)
You have a sharp stinger which inflicts weakening toxins.


Message History

The orc warrior is engulfed in dark miasma.
The orc warrior is poisoned.
The orc warrior completely misses you.
You hit the orc priest.
You kill the orc priest!
The wyvern bites you.
The orc warrior is engulfed in dark miasma.
The orc warrior looks even sicker.
The orc warrior seems to slow down.
The orc warrior closely misses you. The wyvern barely misses you.
The howler monkey completely misses you.
You hit the orc warrior but do no damage.
You tail-slap the orc warrior, but do no damage.
The orc warrior is severely wounded.
The wyvern closely misses you.
The orc warrior is engulfed in dark miasma.
The orc warrior looks even sicker.
The orc warrior completely misses you. The howler monkey closely misses you.
You hit the orc warrior. You tail-slap the orc warrior.
You kill the orc warrior!
The wyvern bites you! The howler monkey barely misses you.
The wyvern bites you!
* * * LOW HITPOINT WARNING * * *
Okay, then.
Okay, then.
You slash the howler monkey! You tail-slap the howler monkey.
The howler monkey looks weaker.
The howler monkey is heavily wounded.
The wyvern barely misses you. The howler monkey hits you.
* * * LOW HITPOINT WARNING * * *
The wyvern bites you.
* * * LOW HITPOINT WARNING * * *
The howler monkey closely misses you. The wyvern bites you!
* * * LOW HITPOINT WARNING * * *
The howler monkey hoots and howls with incredible vigour!
Items here: ( ) [ †.
You barely miss the howler monkey.
The howler monkey is heavily wounded.
The wyvern bites you.
* * * LOW HITPOINT WARNING * * *
The howler monkey barely misses you. The wyvern bites you!
You die...

# #..#..#..#...#..#..#
#.#..#..#(........#...
#.#....©#)...©....#©.†
####....#..#(........#..#
...........#YY#...#..#..#
...........#8W.#.#..8#..#
..)...##...##F......##..#
#.#........l)...#########....
#.#.......##@h..............#
#.#...... #...............##
#....... #..#...###########
#.#.#### #......# ......
#.#.# ##(#..## ##### #.#.##
..... # #.<..# .# ### #
#.........h .# # ##...#.####
#


You could see a wyvern, an ice beast, a sky beast, a bullfrog, a howler monkey
(catching breath, weak) and MirrMurr's ghost.

Vanquished Creatures
  2 water moccasins
  An orc warrior (D:7)
  An ice beast (D:6)
  An ogre (D:4)
  2 black bears (D:4)
  A phantom (D:4)
  3 kobold brigands (Sewer)
  A necrophage (D:6)
  3 scorpions
  A vampire bat (D:5)
  2 jellies (D:7)
  A hound (D:6)
  2 orc priests
  Natasha (twice) (D:4)
  8 iguanas
  3 orc wizards
  10 adders
  4 gnolls (D:5)
  2 river rats (Sewer)
  A white imp (D:4)
  An ufetubus (D:6)
  7 worms
  A dart slug (D:3)
  3 fire bats (D:5)
  31 orcs
  2 spectral bats (D:5)
  8 ball pythons
  3 bat skeletons (D:5)
  A bat zombie (D:5)
  6 endoplasms
  6 giant cockroaches
  3 goblins
  9 hobgoblins
  2 jackals (D:2)
  6 quokkas
  11 bats
  A bat simulacrum (D:5)
  4 frilled lizards
  13 kobolds
  5 rats
174 creatures vanquished.

Vanquished Creatures (others)
  4 toadstools (D:2)
4 creatures vanquished.

Grand Total: 178 creatures vanquished

Notes
Turn   | Place    | Note
-------+----------+-------------------------------------------
     0 | D:1      | BritishOli the Demonspawn Gladiator began the quest for the
                  | Orb.
     0 | D:1      | Reached XP level 1. HP: 16/16 MP: 1/1
   329 | D:1      | Gained mutation: You may rarely emit foul miasma when
                  | damaged in melee. [demonic ancestry]
   329 | D:1      | Reached XP level 2. HP: 21/22 MP: 2/2
   879 | D:2      | Reached skill level 3 in Long Blades
  1065 | D:2      | Gained mutation: You have a small tail. [demonic ancestry]
  1065 | D:2      | Reached XP level 3. HP: 22/28 MP: 3/3
  1444 | D:2      | Noticed an ogre
  1683 | D:3      | Found Tugucery's Jewellery Emporium.
  1799 | D:3      | Found a glowing drain.
  1822 | Sewer    | Entered a sewer
  1930 | Sewer    | Noticed a kobold brigand
  1930 | Sewer    | Noticed a kobold brigand
  1939 | Sewer    | Killed a kobold brigand
  1940 | Sewer    | Reached skill level 1 in Armour
  1940 | Sewer    | Gained mutation: You are partially covered in razor-sharp
                  | scales. (AC +1, Slay +1) [demonic ancestry]
  1940 | Sewer    | Reached XP level 4. HP: 20/34 MP: 4/4
  1944 | Sewer    | Killed a kobold brigand
  1945 | Sewer    | Reached skill level 4 in Long Blades
  1945 | Sewer    | Reached XP level 5. HP: 9/41 MP: 5/5
  3443 | Sewer    | Gained mutation: You have a tail ending in a sharp stinger.
                  | [demonic ancestry]
  3443 | Sewer    | Reached XP level 6. HP: 17/47 MP: 6/6
  4536 | D:4      | Reached skill level 5 in Long Blades
  4536 | D:4      | Gained mutation: You are mostly covered in razor-sharp
                  | scales. (AC +2, Slay +2) [demonic ancestry]
  4536 | D:4      | Reached XP level 7. HP: 41/53 MP: 7/7
  4896 | D:4      | Noticed Natasha
  4903 | D:4      | Killed Natasha
  5383 | D:4      | Found a large runed translucent door.
  5384 | D:4      | Found a large runed translucent door.
  5521 | D:4      | Noticed Natasha
  5528 | D:4      | Killed Natasha
  5549 | D:4      | Found a staircase to the Ecumenical Temple.
  6364 | D:4      | Found a radiant altar of Vehumet.
  6367 | D:4      | Found a blossoming altar of Fedhas.
  6459 | D:5      | Entered Level 5 of the Dungeon
  6467 | D:5      | Identified the +1 helmet of Beauty {rF+ Str+2 Slay-4}
  6567 | D:5      | Gained mutation: You have a sharp stinger which inflicts
                  | weakening toxins. [demonic ancestry]
  6567 | D:5      | Reached XP level 8. HP: 51/61 MP: 8/8
  6574 | D:5      | Reached skill level 6 in Long Blades
  6822 | D:5      | Found a hide-covered altar of Uskayaw.
  7340 | D:5      | Reached skill level 5 in Dodging
  7732 | D:6      | Reached skill level 5 in Fighting
  8015 | D:6      | Identified the +0 pair of boots of Uffemm {rN+ Stlth+}
  8196 | D:6      | Reached skill level 7 in Long Blades
  8630 | Temple   | Entered the Ecumenical Temple
  8630 | Temple   | Found a transporter.
  8630 | Temple   | Found a transporter.
  8632 | Temple   | Found a transporter.
  8632 | Temple   | Found a transporter.
  8977 | D:7      | Found Ihauwicu's Distillery.
  8982 | D:7      | Bought a potion of curing for 48 gold pieces
  9020 | D:7      | Noticed MirrMurr's ghost (novice DsGl)
  9021 | D:7      | Found a transporter.
  9035 | D:7      | Reached XP level 9. HP: 53/68 MP: 9/9
  9120 | D:7      | Found a transporter.
  9151 | D:7      | HP: 3/68 [wyvern (3)]
  9151 | D:7      | Mangled by a wyvern

Illustrated notes

Levels and vault maps discovered:
D:1:      dpeg_arrival_erosion, layout_basic, nicolae_eternal_life
D:2:      layout_basic, dk_vineyard_3, eino_curves_03, minmay_gold_behind_fungi,
          chequers_arboretum, grunt_ministairs_11
D:3:      layout_basic, gup_sewer_entry_pipe, serial_shops, shop,
          kennysheep_flooded_box
D:4:      kb_forest_paths, layout_loops_corners, jmf_multi_god_temple2,
          minmay_temple_entry_from_below_a, uniq_natasha
D:5:      layout_basic, mainiacjoe_overflow_brackets, goddamned_bats
D:6:      layout_basic
D:7:      layout_loops_ring, mainiacjoe_overflow_swirl, gammafunk_ghost_arena,
          serial_shops, nicolae_shop_statue_plus
Temple:   hellmonk_temple_divided_pantheon

Skill      XL: |  1  2  3  4  5  6  7  8 |
---------------+-------------------------+-----
Throwing       | 2 |  2.0
Long Blades    | 3 4 5 7 |  7.4
Dodging        | 3 4 5 |  5.6
Armour         | 1 2 3 4 |  4.5
Fighting       | 3 4 5 |  5.6

Action                   |  1- 3 |  4- 6 |  7- 9 || total
-------------------------+-------+-------+-------++-------
Melee: Long sword        |   101 |   163 |   311 ||   575
       Tailslap          |     5 |    16 |    41 ||    62
       Punch             |       |     1 |     4 ||     5
  Use: Potion            |     2 |       |       ||     2
 Stab: Sleeping          |     3 |       |     4 ||     7
Armor: Leather armour    |    26 |    34 |   154 ||   214
Dodge: Dodged            |    85 |    99 |   269 ||   453

Table legend: (Time is in decaauts)
 A = Elapsed time spent in this place.
 B = Non-inter-level travel time spent in this place.
 C = Inter-level travel time spent in this place.
 D = Time resting spent in this place.
 E = Time spent auto-exploring this place.
 F = Levels seen in this place.
 G = Mean time per level.
                   A        B        C        D        E       F      G
               +--------+--------+--------+--------+--------+-----+--------+
         Total |   9379 |   9024 |    355 |   1843 |   5824 |   9 | 1042.1 |
       Dungeon |   7238 |   6894 |    344 |    643 |   5210 |   7 | 1034.0 |
        Temple |     35 |     25 |     10 |      0 |      1 |   1 |   35.0 |
         Sewer |   2105 |   2105 |      0 |   1200 |    613 |   1 | 2105.0 |
               +--------+--------+--------+--------+--------+-----+--------+

Top non-repeatable levels by time:
   Sewer: 2105 daAuts
     D:4: 2097 daAuts
     D:5: 1287 daAuts
     D:3: 993 daAuts
     D:6: 918 daAuts
     D:1: 763 daAuts
     D:2: 725 daAuts
     D:7: 452 daAuts
  Temple: 35 daAuts
